Map: Cyber Forest LE

Players

Balck

  • Race: Terran Terran
  • League: Silver
  • Spawn Location: 11:00

Woah - Winner!

  • Race: Terran Terran
  • League: Platinum
  • Spawn Location: 5:00

VOD

Have the link to the VOD?

Description

Time

  • Played on: June 12, 2019, 3:47 a.m.
  • Length: 4:19
Show
View Real Time Build Order
Export as new Build Order

Balck Terran 

Build Orders:  

Get SALT Encoding   

  12  0:01  SCV  
  13  0:13  SCV  
  14  0:20  Supply Depot  
  14  0:25  SCV  
  15  0:32  Refinery  
  15  0:41  SCV  
  16  0:52  Refinery  
  16  0:53  SCV  
  17  1:05  Barracks  
  17  1:11  SCV  
  18  1:23  SCV  
  19  1:36  SCV  
  20  2:04  Supply Depot  
  20  2:05  Orbital Command  
  20  2:08  Barracks  
  20  2:18  Supply Depot  
  20  2:19  Barracks Reactor  
  20  2:34  SCV  
  21  2:41  Factory  
  21  2:42  Engineering Bay  
  21  2:49  SCV  
  22  2:55  Marine x2  
  24  2:58  Barracks Tech Lab  
  24  3:10  Supply Depot  
  24  3:12  SCV  
  25  3:15  Marine  
  25  3:19  Marine  
  27  3:24  Barracks Tech Lab  
  26  3:33  Marine  
  24  3:37  Marine  
Show
View Real Time Build Order
Export as new Build Order

Woah Terran - Winner!

Build Orders:  

Get SALT Encoding   

  12  0:01  SCV  
  13  0:15  Supply Depot  
  13  0:17  SCV  
  14  0:27  Refinery  
  14  0:29  SCV  
  15  0:42  Barracks  
  15  0:47  SCV  
  16  0:55  Refinery  
  16  0:59  SCV  
  17  1:12  SCV  
  18  1:24  SCV  
  19  1:31  Factory  
  19  1:34  Reaper  
  20  1:43  Orbital Command  
  20  1:52  Supply Depot  
  20  2:08  Reaper  
  21  2:23  Hellion  
  21  2:25  SCV  
  24  2:37  SCV  
  24  2:42  Reaper  
  26  2:51  Command Center  
  26  2:54  Factory Tech Lab  
  26  2:59  SCV  
  27  3:08  Starport  
  27  3:19  Cyclone  
Tags
 
Matchup
TvT
Race
Terran
Replay Pack
r1
Spawn Locations
Cross Positions
Add a new tag
Caveats
  • Supply blocks, unpowered buildings, or Contaminate may cause inaccurate times.
  • Supply counts are checked every 10 seconds.